 Dungeon Crawl Stone Soup version 0.29.0-4-gdea44cf6ec (webtiles) character file.

Game seed: 3744181901105194950

97 qw the Chopper (level 4, 0/26 HPs)
             Began as a Tengu Warper on Aug 28, 2022.
             Slain by an orc
             ... wielding a +0 whip
              (1 damage)
             ... on level 3 of the Dungeon.
             The game lasted 00:00:13 (2100 turns).

qw the Chopper (Tengu Warper)                       Turns: 2100, Time: 00:00:14

Health: 0/26       AC:  5    Str: 13    XL:     4   Next: 68%
Magic:  8/8        EV: 11    Int: 14    God:
Gold:   78         SH:  0    Dex: 13    Spells: 7/7 levels left

rFire   . . .      SeeInvis .   Y - +0 hand axe
rCold   . . .      Faith    .   (no shield)
rNeg    . . .      Spirit   .   e - +0 ring mail
rPois   .          Reflect  .   (helmet restricted)
rElec   .          Harm     .   (no cloak)
rCorr   .          Rampage  .   (no gloves)
Will    .....                   (boots unavailable)
Stlth   +.........              (no amulet)
HPRegen 0.08/turn               (no ring)
MPRegen 0.11/turn               (no ring)

@: about to teleport
A: beak, talons 3
a: no special abilities


You were on level 3 of the Dungeon.
You visited 1 branch of the dungeon, and saw 3 of its levels.

You collected 78 gold pieces.


Innate Abilities, Weirdness & Mutations

You have a beak for a mouth.
You have claws for feet.


   Skills:
 - Level 2.0 Fighting
 + Level 5.2 Axes
 - Level 1.0 Throwing
 - Level 1.1 Armour
 - Level 2.1 Dodging
 - Level 2.0 Spellcasting
 - Level 2.4 Translocations


You had 7 spell levels left.
You didn't know any spells.
Your spell library contained the following spells:

 Spells                   Type           Power      Damage    Failure   Level
 Blink                    Tloc           16%        N/A       28%         2
 Gell's Gravitas          Tloc           8%         N/A       50%         3
 Lesser Beckoning         Tloc           8%         N/A       50%         3
 Teleport Other           Tloc           8%         N/A       50%         3
 Manifold Assault         Tloc           8%         N/A       99%         5

Inventory:

Hand Weapons
 h - a +0 mace
 Y - a +0 hand axe (weapon)
Armour
 e - a +0 ring mail (worn)
Potions
 b - a potion of lignification {unknown}
 c - a potion of degeneration {unknown}
 d - a potion of haste {unknown}
 f - a potion of berserk rage {unknown}
 g - 4 potions of curing
 l - a potion of attraction {unknown}
 m - a potion of flight {unknown}

Dungeon Overview and Level Annotations

Branches:
Dungeon (3/15)

Altars:
Nemelex Xobeh


Message History

a +0 club; an orc corpse You see here a +0 ring mail.
f - a fuming cyan potion
Found an escape hatch in the ceiling.
An orc comes into view. It is wielding a +0 whip.
The orc shouts!
You hear a shout! x2; You hear a bark!
An orc comes into view. It is wielding a +0 dagger.
You see here a scroll labelled PAHOICZION.
An orc comes into view. It is wielding a +0 whip.
You hit the orc but do no damage. You peck the orc.
The orc is heavily wounded.
A hound comes into view.
The orc hits you with a +0 whip.
You hit the orc.
You kill the orc!
You hit the orc but do no damage. The orc hits you with a +0 dagger.
You hit the orc. Your kick misses the orc.
The orc is heavily wounded.
The orc barely misses you.
You hit the orc. You claw the orc.
You kill the orc!
You miss the hound. The hound misses you. The hound closely misses you.
You closely miss the hound. You hit the orc but do no damage.
The hound bites you. The orc closely misses you.
You hit the hound. You claw the hound, but do no damage.
The hound is moderately wounded.
You hit the orc. The hound bites you. The hound bites you but does no damage.
The orc hits you with a +0 whip.
You hit the orc.
The orc is heavily wounded.
You hit the hound. The hound bites you. The orc misses you.
The hound bites you.
2100 ||| READING scroll of teleportation.
As you read the scroll of teleportation, it crumbles to dust.
You feel strangely unstable. The hound bites you but does no damage.
The orc hits you with a +0 whip.
You die...

#..##.#.########
#....# #..###
#..######## ##
#.......... .### #
#.#.......> ... ...
#..#.#.########.##...#
#........).[.#...<....
####..........@o......
############h#..... .#
..# .. . ###


You could see a hound and an orc.

Vanquished Creatures
  Natasha (D:3)
  An adder (D:3)
  A worm (D:2)
  A dart slug (D:1)
  3 orcs (D:3)
  4 ball pythons (D:1)
  10 endoplasms
  A giant cockroach (D:3)
  8 goblins
  5 hobgoblins
  4 jackals (D:2)
  4 kobolds
  2 bats
  A frilled lizard (D:3)
  3 rats
49 creatures vanquished.

Vanquished Creatures (others)
  2 fungi (D:2)
2 creatures vanquished.

Grand Total: 51 creatures vanquished

Notes
Turn   | Place    | Note
-------+----------+-------------------------------------------
     0 | D:1      | qw the Tengu Warper began the quest for the Orb.
     0 | D:1      | Reached XP level 1. HP: 12/12 MP: 4/4
     0 | D:1      | 0 ||| qw: Version: 0.1-a-89-g26bdef1
     0 | D:1      | 0 ||| qw: Game counter: 434
     0 | D:1      | 0 ||| qw: Always use a shield: true
     0 | D:1      | 0 ||| qw: God list: Okawaru
     0 | D:1      | 0 ||| qw: Allow faded altars: false
     0 | D:1      | 0 ||| qw: Do Orc after D:15 true
     0 | D:1      | 0 ||| qw: Do second Lair branch before Depths: true
     0 | D:1      | 0 ||| qw: Lair rune preference: random
     0 | D:1      | 0 ||| qw: Plans: Normal
     0 | D:1      | 0 ||| PLANNING D:1-11
   101 | D:1      | Found a faded altar of an unknown god.
   146 | D:1      | Reached XP level 2. HP: 17/17 MP: 6/6
   161 | D:1      | 161 ||| Stepping ~*~*~tactically~*~*~ (stealth).
   166 | D:1      | Reached skill level 3 in Axes
   199 | D:1      | 199 ||| Stepping ~*~*~tactically~*~*~ (stealth).
   236 | D:1      | 236 ||| Stepping ~*~*~tactically~*~*~ (stealth).
   237 | D:1      | 237 ||| Stepping ~*~*~tactically~*~*~ (stealth).
   416 | D:1      | Reached XP level 3. HP: 7/21 MP: 7/7
   627 | D:1      | 627 ||| DROPPING +0 club.
   825 | D:1      | Reached skill level 4 in Axes
   883 | D:1      | 883 ||| UPGRADING to +0 ring mail.
   893 | D:1      | 893 ||| DROPPING +0 leather armour.
   894 | D:1      | 894 ||| READING 2 scrolls labelled XIFEBL TAESOELU.
   897 | D:1      | 897 ||| DRINKING 2 smoky green potions.
   898 | D:1      | 898 ||| DROPPING scroll of blinking.
  1123 | D:2      | 1123 ||| Stepping ~*~*~tactically~*~*~ (stealth).
  1439 | D:2      | Found a sparkling altar of Nemelex Xobeh.
  1563 | D:2      | 1563 ||| Stepping ~*~*~tactically~*~*~ (stealth).
  1608 | D:2      | 1608 ||| READING scroll labelled YSUIS GIGG.
  1609 | D:2      | 1609 ||| READING scroll labelled QILIMO OGEONN.
  1610 | D:2      | 1610 ||| READING scroll labelled ANYNUO POFEOHO.
  1791 | D:2      | 1791 ||| READING scroll labelled XIGAL VUGG.
  1792 | D:2      | 1792 ||| DRINKING 2 lumpy dark potions.
  1793 | D:2      | 1793 ||| DROPPING potion of invisibility.
  1843 | D:3      | Noticed Natasha
  1845 | D:3      | 1845 ||| Stepping ~*~*~tactically~*~*~ (hiding).
  1850 | D:3      | Reached XP level 4. HP: 26/26 MP: 8/8
  1864 | D:3      | Killed Natasha
  1865 | D:3      | Reached skill level 5 in Axes
  1884 | D:3      | 1884 ||| FLEEEEING.
  1885 | D:3      | 1885 ||| FLEEEEING.
  1894 | D:3      | 1894 ||| STAIRDANCE
  2099 | D:3      | HP: 5/26 [hound (2)]
  2099 | D:3      | HP: 1/26 [hound (4)]
  2100 | D:3      | 2100 ||| READING scroll of teleportation.
  2100 | D:3      | Slain by an orc

Levels and vault maps discovered:
D:1:      minmay_arrival_three_doors, layout_basic,
          dreamdust_ecumenical_altar_angels_and_demons
D:2:      layout_loops_ring, basic_altar, kennysheep_cross_room,
          dreamdust_mushroom_princess
D:3:      layout_loops_ring, uniq_jessica, uniq_natasha

Skill      XL: |  1  2  3  4 |
---------------+-------------+-----
Axes           | 3 4 5 |  5.2
Fighting       | |  2.0
Throwing       | |  1.0
Armour         | |  1.1
Dodging        | |  2.1
Spellcasting   | |  2.0
Translocations | |  2.4

Action                   |  1- 3 |  4- 6 || total
-------------------------+-------+-------++-------
Melee: Hand axe          |    92 |    23 ||   115
       Kick              |    24 |     6 ||    30
       Peck              |     9 |     3 ||    12
Throw: Boomerang         |     7 |       ||     7
  Use: Scroll            |     5 |     1 ||     6
       Potion            |     2 |       ||     2
Armor: Leather armour    |     4 |       ||     4
       Ring mail         |    14 |     5 ||    19
Dodge: Dodged            |    33 |    12 ||    45

Table legend:
 A = Non-vault XP
 B = Vault XP
 C = Vault XP percentage of total XP
 D = Non-vault monster count
 E = Vault monster count
 F = Vault count percentage of total count
                 A         B        C        D         E       F
            +---------+---------+-------+---------+---------+-------
      Total |     104 |      35 |  25.2 |      48 |       1 |   2.0
            +---------+---------+-------+---------+---------+-------
        D:1 |      47 |       0 |   0.0 |      26 |       0 |   0.0
        D:2 |      30 |       0 |   0.0 |      15 |       0 |   0.0
        D:3 |      27 |      35 |  56.5 |       7 |       1 |  12.5
            +---------+---------+-------+---------+---------+-------
